 Dungeon Crawl Stone Soup version 0.30.0-11-gf55b779eaf (webtiles) character file.

Game seed: 5339630034640788241

908 tizbic2 the Skirmisher (level 7, -8/42 HPs)
             Began as a Deep Elf Hunter on May 17, 2023.
             Mangled by a wyvern (16 damage)
             ... on level 5 of the Dungeon.
             The game lasted 00:14:30 (3749 turns).

tizbic2 the Skirmisher (Deep Elf Hunter)            Turns: 3749, Time: 00:14:32

Health: -8/42      AC:  5    Str: 10    XL:     7   Next: 81%
Magic:  9/9        EV: 11    Int: 14    God:
Gold:   253        SH:  0    Dex: 24    Spells: 6/6 levels left

rFire   . . .        a - +0 shortbow (flame)
rCold   . . .        (shield currently unavailable)
rNeg    . . .        n - +0 ring mail
rPois   .            (no helmet)
rElec   .            (no cloak)
rCorr   .            (no gloves)
SInv    .            (no boots)
Will    .....        (no amulet)
Stlth   +++          e - +4 ring of slaying
HPRegen 0.27/turn    m - +6 ring of dexterity
MPRegen 0.11/turn

%: no passive effects
@: no status effects
A: no striking features
a: no special abilities


You were on level 5 of the Dungeon.
You visited 1 branch of the dungeon, and saw 5 of its levels.

You collected 253 gold pieces.

Inventory:

Hand Weapons
 a - a +0 shortbow of flaming (weapon)
 k - a +1 dagger of holy wrath
 y - a +3 short sword
Armour
 d - a +0 chain mail
 l - a +0 scale mail
 n - a +0 ring mail (worn)
Jewellery
 e - a +4 ring of slaying (left hand)
 i - a ring of poison resistance
 m - a +6 ring of dexterity (right hand)
 q - a ring of see invisible
Wands
 t - a wand of roots (3)
 u - a wand of charming (6)
Scrolls
 b - 3 scrolls of immolation
 o - a scroll of magic mapping
 r - 3 scrolls of teleportation
 v - a scroll of enchant armour {unknown}
 w - 2 scrolls of identify
Potions
 c - 2 potions of flight {unknown}
 f - 4 potions of cancellation
 g - 2 potions of brilliance
 h - 5 potions of heal wounds {unknown}
 j - 3 potions of berserk rage
 p - a potion of resistance
 x - 2 potions of haste {unknown}
 z - a potion of magic {unknown}
 A - a potion of invisibility {unknown}


   Skills:
 + Level 3.9 Fighting
 * Level 9.9 Ranged Weapons
 - Level 2.4 Dodging
 + Level 5.8 Stealth


You had 6 spell levels left.
You didn't know any spells.
Your spell library was empty.

Dungeon Overview and Level Annotations

Branches:
Dungeon (5/15)
 Temple: D:4-7

Altars:
Qazlal

Shops:
D:5 (


Message History

The arrow hits the wyvern but does no damage.
The wyvern closely misses you.
You shoot an arrow. The arrow barely misses the wyvern.
The wyvern bites you but does no damage.
The wyvern bites you.
You shoot an arrow.
The arrow hits the wyvern but does no damage.
The wyvern closely misses you. The wyvern misses you.
You shoot an arrow. The arrow closely misses the wyvern.
The wyvern bites you. The wyvern bites you!
You shoot an arrow. The arrow barely misses the wyvern.
The wyvern misses you. The wyvern barely misses you.
You shoot an arrow. The arrow hits the wyvern!
The arrow burns the wyvern.
The wyvern is severely wounded.
The wyvern misses you.
You shoot an arrow.
The arrow hits the wyvern but does no damage.
The wyvern is severely wounded.
The wyvern barely misses you. The wyvern bites you.
You shoot an arrow.
The arrow hits the wyvern but does no damage.
The wyvern is severely wounded.
The wyvern barely misses you. x2
You shoot an arrow. The arrow hits the wyvern.
The arrow burns the wyvern.
The wyvern is severely wounded.
The wyvern barely misses you. The wyvern bites you.
You are too injured to fight recklessly!
You are too injured to fight recklessly!
You are too injured to fight recklessly!
You shoot an arrow. The arrow hits the wyvern.
The arrow burns the wyvern.
The wyvern is almost dead.
The wyvern hisses menacingly.
The wyvern closely misses you.
You shoot an arrow.
The arrow hits the wyvern but does no damage.
The wyvern is almost dead.
The wyvern bites you!
* * * LOW HITPOINT WARNING * * *
The wyvern bites you!
You die...

#.......#........
#.#######.......>
#####....##.......
#!$#.####.#.....##
###!)#.# #.########
#..###.# #.#......'
# .###.####.#.....##
#l.##)#..##.....##
###@.##.#..##...).##
#..####.#'####....##
#..####.#....'......
###....##.88.#......
#######.88.#......
#....#....##
############
..........##
...........#


You could see a wyvern.

Vanquished Creatures
  2 ice beasts
  An ogre (D:5)
  2 scorpions
  A jelly (D:5)
  An orc priest (D:3)
  A sleepcap (D:5)
  2 iguanas
  Natasha (thrice) (D:3)
  An orc wizard (D:5)
  7 gnolls (D:4)
  13 adders
  A white imp (D:5)
  2 worms (D:3)
  4 dart slugs
  14 orcs
  5 endoplasms
  3 giant cockroaches
  5 goblins
  3 hobgoblins
  3 jackals (D:4)
  2 quokkas
  7 ball pythons
  7 bats
  2 frilled lizards
  4 kobolds
  6 rats
102 creatures vanquished.

Notes
Turn   | Place    | Note
-------+----------+-------------------------------------------
     0 | D:1      | tizbic2 the Deep Elf Hunter began the quest for the Orb.
     0 | D:1      | Reached XP level 1. HP: 12/12 MP: 3/3
   230 | D:1      | Reached XP level 2. HP: 17/17 MP: 4/4
   999 | D:2      | Reached skill level 6 in Ranged Weapons
  1019 | D:2      | Reached XP level 3. HP: 20/21 MP: 5/5
  1048 | D:2      | You fall into a shaft and drop 1 floor!
  1339 | D:2      | Reached XP level 4. HP: 26/26 MP: 6/6
  1967 | D:3      | Reached skill level 7 in Ranged Weapons
  2062 | D:3      | Found a faded altar of an unknown god.
  2070 | D:3      | Noticed Natasha
  2073 | D:3      | Killed Natasha
  2074 | D:3      | Reached XP level 5. HP: 31/31 MP: 7/7
  2171 | D:3      | Noticed Natasha
  2173 | D:3      | Killed Natasha
  2224 | D:3      | Noticed Natasha
  2228 | D:3      | Killed Natasha
  2731 | D:4      | Reached skill level 8 in Ranged Weapons
  2731 | D:4      | Reached XP level 6. HP: 37/37 MP: 8/8
  2967 | D:4      | Noticed an ice beast
  2973 | D:4      | Killed an ice beast
  2987 | D:4      | Found a stormy altar of Qazlal.
  3161 | D:4      | Reached XP level 7. HP: 29/41 MP: 9/9
  3332 | D:5      | Entered Level 5 of the Dungeon
  3343 | D:5      | Reached skill level 5 in Stealth
  3397 | D:5      | Reached skill level 9 in Ranged Weapons
  3398 | D:5      | Found Woag's Antique Weapon Shoppe.
  3673 | D:5      | Noticed a wyvern
  3749 | D:5      | Mangled by a wyvern

Illustrated notes

Levels and vault maps discovered:
D:1:      elethiomel_arrival_maze, layout_loops_corners,
          wad_floor_pattern_untrapped
D:2:      layout_basic
D:3:      layout_basic, ebering_ecumenical_altar_rust, nicolae_hexahallways,
          saegor_snake_ambush, uniq_natasha
D:4:      layout_loops_corners, kennysheep_mini, minmay_unequal
D:5:      minmay_chambers_of_fours, layout_gridville, serial_shops,
          kennysheep_mini_moat, nicolae_shop_temple_entry_statues_fountains,
          palyth_stone_intersect, serial_park_tiny_2

Skill      XL: |  1  2  3  4  5  6  7 |
---------------+----------------------+-----
Stealth        | 2 3 4 5 |  5.8
Fighting       | 2 3 |  3.9
Ranged Weapons | 6 7 8 9 |  9.9
Dodging        | |  2.4

Action                     |  1- 3 |  4- 6 |  7- 9 || total
---------------------------+-------+-------+-------++-------
   Fire: Shortbow          |    54 |    99 |    58 ||   211
    Use: Scroll            |     2 |     6 |       ||     8
 Armour: Ring mail         |     4 |     8 |     4 ||    16
  Dodge: Dodged            |    10 |    13 |    26 ||    49
